 Dungeon Crawl Stone Soup version 0.32-a0-913-g739538afd8 (webtiles) character file.

Game seed: 1861834822159317957

1383 Biggs the Grappler (level 8, -4/51 HPs)
             Began as an Octopode Shapeshifter on Apr 8, 2024.
             Slain by a gnoll sergeant
             ... wielding a +0 spear
              (13 damage)
             ... on level 6 of the Dungeon.
             The game lasted 00:08:24 (4242 turns).

Biggs the Grappler (Octopode Shapeshifter)          Turns: 4242, Time: 00:08:25

Health: -4/51      AC:  1    Str: 14 (16) XL:     8   Next: 67%
Magic:  8/8        EV: 16    Int: 12      God:
Gold:   524        SH:  0    Dex: 11      Spells: 7/7 levels left

rFire   + .          .
                       - Unarmed
rCold   . . .        (shield currently unavailable)
rNeg    . . .        (helmet restricted)
rPois   .            (no amulet)
rElec   .            r - ring of protection from fire
rCorr   .            (no ring)
SInv    .            (no ring)
Will    .....        (no ring)
Stlth   +            (no ring)
HPRegen 0.28/turn    (no ring)
MPRegen 0.11/turn    (no ring)
                     (no ring)

%: no passive effects
@: flux-form, weak-willed, glowing
A: glow, contaminating, almost no armour, amphibious, 8 rings, camouflage 1,
gelatinous body 1, (nimble swimmer 1), tentacles
a: Begin Untransformation


You were on level 6 of the Dungeon.
You were something dangerously unstable.
You visited 1 branch of the dungeon, and saw 6 of its levels.
You also visited: Ossuary.

You collected 524 gold pieces.

Inventory:

Missiles
 s - a throwing net (quivered)
Jewellery
 f - an amulet of magic regeneration
 r - a ring of protection from fire (left tentacle)
Talismans
 b - a beast talisman
 c - a flux talisman (active)
 t - a maw talisman
Scrolls
 d - a scroll of silence
 g - a scroll of torment
 h - a scroll of vulnerability
 k - 3 scrolls of teleportation
 l - 2 scrolls of fear {unknown}
 m - 2 scrolls of amnesia {unknown}
 q - a scroll of revelation {unknown}
 u - 2 scrolls of fog {unknown}
 w - a scroll of immolation {unknown}
 y - 3 scrolls of blinking
Potions
 a - 2 potions of lignification
 e - 2 potions of degeneration
 j - a potion of ambrosia
 n - a potion of cancellation {unknown}
 o - 2 potions of heal wounds {unknown}
 p - 2 potions of resistance {unknown}
 v - a potion of haste {unknown}
 x - 2 potions of might {unknown}


   Skills:
 + Level 2.5 Fighting
 - Level 2.0 Dodging
 - Level 8.0 Unarmed Combat
 - Level 7.0 Shapeshifting


You had 7 spell levels left.
You didn't know any spells.
Your spell library contained the following spells:

 Spells                   Type           Power      Damage    Failure   Level
 Inner Flame              Hex/Fire       0%         N/A       69%         3
 Flame Wave               Conj/Fire      0%         2d4       97%         4
 Sticky Flame             Fire/Alch      0%         2d4       97%         4
 Chain Lightning          Conj/Air       0%         N/A       100%        9
 Fire Storm               Conj/Fire      0%         5d1       100%        9
 Shatter                  Erth           0%         3d5*      100%        9


Dungeon Overview and Level Annotations

Branches:
Dungeon (6/15)            Ossuary (visited)
 Temple: D:4-7

Altars:
Gozag
Kikubaaqudgha
Nemelex Xobeh
Qazlal

Shops:
D:1 !


Innate Abilities, Weirdness & Mutations

You are something dangerously unstable.
You glow with magical radiation, making you easy to see and hit.
Foes you strike become dangerously contaminated with magical radiation.
You are incapable of wielding weapons or throwing items.
You cannot wear most types of armour.
You are amphibious.
You can wear up to eight rings at the same time.
Your skin changes colour to match your surroundings (Stealth+).
Your rubbery body absorbs attacks. (AC +1, EV +1)
((You are camouflaged when in or above water. (Stealth+)))
You have tentacles for arms and can constrict up to eight enemies at once.


Message History

The gnoll hits you from afar with a +0 spear.
The gnoll hits you from afar with a +0 spear.
The gnoll attacks as it pursues you! The gnoll closely misses you.
The gnoll misses you.
The gnoll sergeant hits you from afar with a +0 spear!
The gnoll hits you with a +0 spear.
Unknown command.
You tentacle-slap the gnoll.
The gnoll begins to glow.
You grab the gnoll.
You squeeze the gnoll, but do no damage.
The gnoll is lightly wounded.
You constrict the gnoll.
The gnoll sergeant completely misses you.
The gnoll closely misses you.
You tentacle-slap the gnoll.
The gnoll glows dangerously bright.
The gnoll is heavily wounded.
You constrict the gnoll.
The gnoll sergeant hits you from afar with a +0 spear!
The gnoll barely misses you.
You tentacle-slap the gnoll.
You kill the gnoll!
The gnoll sergeant barely misses you.
Unknown command.
The gnoll sergeant hits you with a +0 spear.
* * * LOW HITPOINT WARNING * * *
You see here a +0 spear.
Unknown command.
You bludgeon the gnoll sergeant!
The gnoll sergeant begins to glow.
You grab the gnoll sergeant.
You squeeze the gnoll sergeant, but do no damage.
The gnoll sergeant is moderately wounded.
You constrict the gnoll sergeant.
The gnoll sergeant hits you with a +0 spear.
* * * LOW HITPOINT WARNING * * *
You tentacle-slap the gnoll sergeant.
The gnoll sergeant glows dangerously bright.
You squeeze the gnoll sergeant.
The gnoll sergeant is heavily wounded.
You constrict the gnoll sergeant.
The gnoll sergeant hits you with a +0 spear!
You die...

#.####.$.#... #........#.#.
#............ #########
#.....#.#.#. ........#
##.......#.#. ........#
.#.......#.#. ........#
.#..#.##.#.#.
........#######.#.......#.##
.......gSSgp............#.#
........g#######..######...
.........# #..... .
........g# ## #### ..
.......g.. ........###
......... ###.#####


You could see a gnoll sergeant (heavy contam), 2 gnolls and 2 adders.

Vanquished Creatures
  Pikel (D:6)
  2 ogres (D:5)
  A centaur (D:6)
  A phantom (D:5)
  A lemure (D:6)
  2 scorpions (D:5)
  3 orc priests
  A bombardier beetle (D:5)
  2 hounds (D:5)
  An iguana (D:4)
  8 mummies (Ossuary)
  5 gnolls
  6 adders
  A white imp (D:5)
  2 ufetubi (D:6)
  4 dart slugs
  2 ribbon worms (D:2)
  13 orcs
  2 ball pythons
  4 endoplasms
  3 giant cockroaches
  4 goblins
  7 hobgoblins
  5 kobolds
  6 quokkas
  5 bats
  5 frilled lizards
  3 gnoll zombies (Ossuary)
  2 hobgoblin zombies (Ossuary)
  2 kobold zombies (Ossuary)
  An orc zombie (Ossuary)
  9 rats
114 creatures vanquished.

Notes
Turn   | Place    | Note
-------+----------+-------------------------------------------
     0 | D:1      | Biggs the Octopode Shapeshifter began the quest for the
                  | Orb.
     0 | D:1      | Reached XP level 1. HP: 13/13 MP: 1/1
    45 | D:1      | Found Ismakkoz's Distillery.
    54 | D:1      | Reached XP level 2. HP: 16/18 MP: 2/2
   322 | D:1      | Reached XP level 3. HP: 19/23 MP: 3/3
   838 | D:2      | Reached XP level 4. HP: 25/28 MP: 4/4
  1474 | D:3      | Reached skill level 5 in Shapeshifting
  1474 | D:3      | Reached XP level 5. HP: 10/33 MP: 5/5
  1574 | D:3      | Found an ancient bone altar of Kikubaaqudgha.
  1580 | D:3      | Found a sparkling altar of Nemelex Xobeh.
  1581 | D:3      | Found an opulent altar of Gozag.
  1586 | D:3      | Found a stormy altar of Qazlal.
  2337 | D:4      | Reached XP level 6. HP: 11/38 MP: 6/6
  2721 | D:5      | Entered Level 5 of the Dungeon
  3084 | D:5      | Reached XP level 7. HP: 43/43 MP: 7/7
  3195 | D:5      | Reached skill level 4 in Unarmed Combat
  3369 | D:5      | Reached skill level 5 in Unarmed Combat
  3768 | D:6      | Noticed a yak
  3850 | D:6      | Noticed Pikel
  3864 | D:6      | Reached skill level 6 in Unarmed Combat
  3864 | D:6      | Reached XP level 8. HP: 5/48 MP: 8/8
  3875 | D:6      | Killed Pikel
  3876 | D:6      | Reached skill level 7 in Unarmed Combat
  3945 | D:6      | Found a sand-covered staircase.
  3950 | Ossuary  | Entered an ossuary
  4034 | Ossuary  | Reached skill level 8 in Unarmed Combat
  4242 | D:6      | Slain by a gnoll sergeant

Illustrated notes

Levels and vault maps discovered:
D:1:      minmay_arrival_wavy_path, layout_basic, serial_shops, shop
D:2:      layout_rooms
D:3:      layout_basic, minitemple
D:4:      layout_gridville
D:5:      layout_loops_ring, minmay_misc_feat_rugged
D:6:      layout_basic, nicolae_ossuary_entry_ruins, minmay_manual_mail,
          uniq_prince_ribbit1, uniq_pikel

Skill      XL: |  1  2  3  4  5  6  7  8 |
---------------+-------------------------+-----
Shapeshifting  | 4 5 6 7 |  7.0
Unarmed Combat | 6 8 |  8.0
Fighting       | 2 |  2.5
Dodging        | |  2.0

Action                     |  1- 3 |  4- 6 |  7- 9 || total
---------------------------+-------+-------+-------++-------
  Melee: Unarmed           |    57 |    91 |    85 ||   233
         Constrict         |    16 |    30 |    25 ||    71
         Tentacles         |    10 |    25 |    17 ||    52
         Punch             |     3 |     5 |       ||     8
    Use: Potion            |       |       |     4 ||     4
         Scroll            |       |       |     5 ||     5
   Stab: Sleeping          |     6 |     4 |     1 ||    11
         Distracted        |     1 |       |       ||     1
 Armour: Skin              |    28 |    49 |    92 ||   169
  Dodge: Dodged            |    23 |    41 |    51 ||   115
   Form: Flux              |       |       |     1 ||     1

Table legend: (Time is in decaauts)
 A = Elapsed time spent in this place.
 B = Non-inter-level travel time spent in this place.
 C = Inter-level travel time spent in this place.
 D = Time resting spent in this place.
 E = Time spent auto-exploring this place.
 F = Levels seen in this place.
 G = Mean time per level.
                   A        B        C        D        E       F      G
               +--------+--------+--------+--------+--------+-----+--------+
         Total |   4221 |   4073 |    148 |    110 |   3199 |   7 |  603.0 |
       Dungeon |   3954 |   3806 |    148 |     64 |   3087 |   6 |  659.0 |
       Ossuary |    266 |    266 |      0 |     46 |    112 |   1 |  266.0 |
               +--------+--------+--------+--------+--------+-----+--------+

Top non-repeatable levels by time:
     D:5: 1088 daAuts
     D:3: 791 daAuts
     D:4: 769 daAuts
     D:1: 588 daAuts
     D:2: 562 daAuts
 Ossuary: 266 daAuts
     D:6: 153 daAuts
